 Dungeon Crawl Stone Soup version 0.31-a0-667-g39726597b9 (webtiles) character file.

Game seed: 8461075842412089598

2456 Revguard the Changeling (level 9, -4/111 HPs)
             Began as a White Draconian Artificer on Sept 4, 2023.
             Was a Believer of Uskayaw.
             Slain by a water moccasin (6 damage)
             ... on level 7 of the Dungeon.
             The game lasted 00:28:26 (7490 turns).

Revguard the Changeling (White Draconian Artificer) Turns: 7490, Time: 00:28:26

Health: -4/111     AC: 16    Str: 14    XL:     9   Next: 26%
Magic:  12/12      EV:  2    Int: 12    God:    Uskayaw [**....]
Gold:   385        SH:  0    Dex: 16    Spells: 8/8 levels left

rFire   . . .        m - +3 dagger (venom)
rCold   . . .        (no shield)
rNeg    . . .        (body armour unavailable)
rPois   +            x - melded +1 hat
rElec   .            (cloak currently unavailable)
rCorr   .            (gloves currently unavailable)
SInv    .            l - melded +1 pair of boots
Will    .....        d - amulet of faith
Stlth   ++           t - ring of flight
HPRegen 0.38/turn    (no ring)
MPRegen 0.13/turn

%: faith
@: lethally poisoned (-4 -> -29), short of breath, tree-form, corroded
A: stationary, stasis, torment immunity, boosted hp, (breathe frost), AC +7,
unfitting armour, (cold resistance 1), (cold-blooded)
a: Renounce Religion, Stomp, Line Pass


You were on level 7 of the Dungeon.
You worshipped Uskayaw.
Uskayaw was noncommittal.
You were a tree.
You visited 2 branches of the dungeon, and saw 8 of its levels.
You also visited: Sewer.

You collected 385 gold pieces.

Inventory:

Hand Weapons
 a - a +0 club
 m - a +3 dagger of venom (weapon)
Missiles
 y - 3 throwing nets
Armour
 l - a +1 pair of boots (melded)
 x - a +1 hat (melded)
Jewellery
 d - an amulet of faith (around neck)
 t - a ring of flight (left branch)
Talismans
 i - a maw talisman
Wands
 b - a wand of flame (8) (quivered)
 c - a wand of charming (13)
 o - a wand of light (6)
Scrolls
 e - a scroll of noise
 g - a scroll of vulnerability
 j - 5 scrolls of teleportation
 p - a scroll of amnesia
 w - a scroll of poison
Potions
 f - 5 potions of enlightenment
 k - a potion of resistance
 n - 4 potions of haste
 q - a potion of brilliance
 u - a potion of cancellation


   Skills:
 + Level 5.3 Fighting
 + Level 4.8 Dodging
 - Level 0.8 Stealth
 + Level 4.4 Unarmed Combat
 + Level 4.8 Invocations
 + Level 5.4 Evocations
 * Level 6.0 Shapeshifting


You had 8 spell levels left.
You didn't know any spells.
Your spell library contained the following spells:

 Spells                   Type           Power      Damage    Failure   Level
 Kiss of Death            Conj/Necr      0%         2d5       32%         1
 Cigotuvi's Dreadful Rot  Necr/Pois/Air  0%         N/A       45%         2
 Confusing Touch          Hex            0%         N/A       69%         3
 Ignite Poison            Fire/Tmut/Pois 0%         N/A       69%         3
 Inner Flame              Hex/Fire       0%         N/A       69%         3
 Dispel Undead            Necr           0%         3d6       97%         4
 Freezing Cloud           Conj/Ice/Air   0%         6-21      100%        5
 Yara's Violent Unravell  Hex/Tmut       0%         3d3       100%        5
 Enfeeble                 Hex            0%         N/A       100%        7


Dungeon Overview and Level Annotations

Branches:
Dungeon (7/15)             Temple (1/1) D:5           Sewer (visited)

Altars:
Ashenzari
Cheibriados
Fedhas
Makhleb
Nemelex Xobeh
Okawaru
Qazlal
Ru
Sif Muna
Uskayaw
Wu Jian
Xom
Yredelemnul
Zin
The Shining One


Innate Abilities, Weirdness & Mutations

You are a tree.
Your roots penetrate the ground, keeping you stationary.
You cannot be teleported.
You are immune to unholy pain and torment.
Your maximum health is greatly increased.
Your equipment is partially melded.
((You can breathe waves of freezing cold which knock back foes.))
((Your icy white scales are hard. (AC +7)))
You cannot fit into any form of body armour.
((Your flesh is cold resistant. (rC+)))
((You are cold-blooded and may be slowed by cold attacks.))


Message History

Aiming: Breathe Frost (4% risk of failure)
Press: ? - help, Shift-Dir - straight line, f - water moccasin
Aim: a water moccasin (48% to hit)
You exhale a wave of freezing cold.
The freezing breath hits the water moccasin!
The water moccasin is moderately wounded.
* * * LOW HITPOINT WARNING * * *
You feel very sick. The water moccasin barely misses you.
The water moccasin bites you.
* * * LOW HITPOINT WARNING * * *
You are lethally poisoned!
The water moccasin poisons you!
You can now pass through a line of other dancers.
Okay, then.
You turn into a tree.
Your +1 hat melds into your body.
Your +1 pair of boots melds into your body.
Your roots penetrate the ground.
* * * LOW HITPOINT WARNING * * *
You feel extremely sick.
The water moccasin bites you but does no damage.
Unknown command.
Okay, then.
Unknown command.
Unknown command.
Okay, then.
You miss the water moccasin.
You punch the water moccasin, but do no damage.
The water moccasin is moderately wounded.
* * * LOW HITPOINT WARNING * * *
You feel very sick.
The water moccasin bites you but does no damage.
You barely miss the water moccasin.
The water moccasin is moderately wounded.
* * * LOW HITPOINT WARNING * * *
You feel very sick. The water moccasin bites you.
* * * LOW HITPOINT WARNING * * *
You are more poisoned.
The water moccasin poisons you! The water moccasin bites you.
You die...

...............
.......#.......#
........#........
...............
..............
#..........#
#........#
##...)..♣.#
#.!....S..##
##..........#
.......<....#
...>...........
................
................
...#............
##.#....#..^....


You could see a water moccasin.

Vanquished Creatures
  Pikel (D:5)
  The ghost of hitsuchi the Digger, an amateur MeEE (D:4)
  Eustachio (D:6)
  Edmund (D:5)
  An orc warrior (D:6)
  3 ogres (D:5)
  2 lemures (D:5)
  A kobold brigand (D:4)
  A scorpion (D:6)
  4 jellies
  4 orc priests
  3 hounds
  3 sleepcaps
  4 iguanas
  5 orc wizards
  A sickly merfolk siren (Sewer)
  A malarious merfolk avatar (Sewer)
  Robin (D:3)
  12 gnolls
  11 adders
  4 river rats
  A white imp (D:6)
  2 worms
  3 dart slugs
  16 orcs
  10 endoplasms
  5 giant cockroaches
  16 goblins
  8 hobgoblins
  4 quokkas
  12 ball pythons
  8 bats
  5 frilled lizards
  17 kobolds
  27 rats
199 creatures vanquished.

Notes
Turn   | Place    | Note
-------+----------+-------------------------------------------
     0 | D:1      | Revguard the Draconian Artificer began the quest for the
                  | Orb.
     0 | D:1      | Reached XP level 1. HP: 16/16 MP: 1/1
   112 | D:1      | Reached XP level 2. HP: 18/23 MP: 2/2
   390 | D:1      | Reached skill level 1 in Shapeshifting
   721 | D:1      | Reached XP level 3. HP: 17/28 MP: 3/3
  1060 | D:2      | Reached skill level 1 in Invocations
  1606 | D:2      | Reached skill level 1 in Unarmed Combat
  1696 | D:2      | Reached XP level 4. HP: 27/36 MP: 4/4
  1849 | D:3      | Reached skill level 2 in Shapeshifting
  2096 | D:3      | Reached XP level 5. HP: 37/41 MP: 6/6
  2243 | D:3      | Found a glowing drain.
  2265 | Sewer    | Entered a sewer
  2614 | Sewer    | Reached XP level 6. HP: 25/50 MP: 7/7
  2852 | D:3      | Found a faded altar of an unknown god.
  2952 | D:3      | Noticed Robin
  2984 | D:3      | Killed Robin
  3447 | D:4      | Reached skill level 3 in Shapeshifting
  3566 | D:4      | Found a runed translucent gate.
  3566 | D:4      | Found a runed translucent gate.
  3567 | D:4      | Found a runed translucent gate.
  3567 | D:4      | Noticed hitsuchi's ghost (amateur MeEE)
  3600 | D:4      | Killed hitsuchi's ghost
  3601 | D:4      | Your scales start taking on an icy white colour.
  3601 | D:4      | Reached XP level 7. HP: 40/57 MP: 7/9
  3601 | D:4      | Gained mutation: Your flesh is cold resistant. (rC+) [White
                  | Draconian growth]
  3717 | D:4      | Found a snail-covered altar of Cheibriados.
  4063 | D:4      | Found a burning altar of Makhleb.
  4063 | D:4      | Found a glowing golden altar of the Shining One.
  4088 | D:4      | Found a burning altar of Makhleb.
  4090 | D:4      | Found an iron altar of Okawaru.
  4090 | D:4      | Found a shimmering altar of Xom.
  4092 | D:4      | Found an ancient bone altar of Kikubaaqudgha.
  4092 | D:4      | Found a shimmering altar of Xom.
  4092 | D:4      | Found a snail-covered altar of Cheibriados.
  4245 | D:5      | Entered Level 5 of the Dungeon
  4431 | D:5      | Reached skill level 4 in Shapeshifting
  4787 | D:5      | Found a staircase to the Ecumenical Temple.
  4792 | Temple   | Entered the Ecumenical Temple
  4800 | Temple   | Became a worshipper of Uskayaw the Reveller
  4812 | D:5      | Reached * piety under Uskayaw
  4817 | D:5      | HP: 2/58 [acid (8)]
  4819 | D:5      | Reached XP level 8. HP: 3/66 MP: 10/10
  5070 | D:5      | Noticed Pikel
  5070 | D:5      | Noticed Edmund
  5075 | D:5      | Reached ** piety under Uskayaw
  5077 | D:5      | Reached *** piety under Uskayaw
  5081 | D:5      | Reached **** piety under Uskayaw
  5083 | D:5      | Killed Pikel
  5084 | D:5      | Reached skill level 5 in Shapeshifting
  5095 | D:5      | Killed Edmund
  5575 | D:5      | Reached skill level 5 in Evocations
  6288 | D:6      | Noticed Eustachio
  6321 | D:6      | Killed Eustachio
  6322 | D:6      | Reached skill level 5 in Fighting
  6322 | D:6      | Reached XP level 9. HP: 44/74 MP: 12/12
  6848 | D:6      | Found a stormy altar of Qazlal.
  7119 | D:6      | Reached skill level 6 in Shapeshifting
  7266 | D:6      | Identified the +2 whip of the Undead {freeze, Stlth+}
  7490 | D:7      | HP: 5/111 [poisoned by a water moccasin]
  7490 | D:7      | HP: 2/111 [water moccasin (3)]
  7490 | D:7      | Slain by a water moccasin

Illustrated notes

Levels and vault maps discovered:
D:1:      grunt_arrival_lava_bath, layout_basic
D:2:      layout_basic
D:3:      layout_loops_corners, portal_sewer_entry_c,
          hellmonk_ecumenical_altar_leap_of_faith, chequers_garden, uniq_robin
D:4:      layout_cave_pools, doesnt_xom_only_xom, kennysheep_slug_shrine,
          gammafunk_temple_overflow_elements, gammafunk_ghost_nasty_kobolds
D:5:      layout_loops_corners, minmay_temple_entry_arrows, uniq_edmund,
          uniq_pikel
D:6:      layout_loops_cross, general_overflow_altar, uniq_eustachio
D:7:      layout_cave_pools, vehumet_statue, chequers_serial_rivers_marsh,
          nicolae_the_louvre, uniq_crazy_yiuf_cottage, uniq_duvessa
Temple:   dpeg_chambers_temple

Skill      XL: |  1  2  3  4  5  6  7  8  9 |
---------------+----------------------------+-----
Shapeshifting  | 1 2 3 4 5 6 |  6.0
Invocations    | 1 2 3 4 |  4.8
Unarmed Combat | 1 2 3 4 |  4.4
Fighting       | 2 3 4 5 |  5.3
Dodging        | 3 4 |  4.8
Evocations     | 4 5 |  5.4
Stealth        | |  0.8

Action                     |  1- 3 |  4- 6 |  7- 9 || total
---------------------------+-------+-------+-------++-------
  Melee: Club              |   161 |       |       ||   161
         Tailslap          |    23 |    28 |    59 ||   110
         Dagger            |    10 |   247 |   289 ||   546
         Punch             |     1 |     1 |    11 ||    13
 Invoke: Stomp             |       |       |     1 ||     1
Ability: Breathe Frost     |       |       |     9 ||     9
  Evoke: Wand              |     3 |     8 |     8 ||    19
    Use: Scroll            |       |     8 |     7 ||    15
         Potion            |       |       |     1 ||     1
   Stab: Sleeping          |     2 |     2 |     2 ||     6
         Paralysed         |       |       |     4 ||     4
         Invisible         |       |       |     1 ||     1
 Armour: Skin              |   123 |   155 |   186 ||   464
  Dodge: Dodged            |   135 |   162 |   167 ||   464
         Form:             |     1 |       |       ||     1
         Maw               |     1 |       |       ||     1

Table legend: (Time is in decaauts)
 A = Elapsed time spent in this place.
 B = Non-inter-level travel time spent in this place.
 C = Inter-level travel time spent in this place.
 D = Time resting spent in this place.
 E = Time spent auto-exploring this place.
 F = Levels seen in this place.
 G = Mean time per level.
                   A        B        C        D        E       F      G
               +--------+--------+--------+--------+--------+-----+--------+
         Total |   7584 |   7419 |    165 |   1327 |   4198 |   9 |  842.7 |
       Dungeon |   6857 |   6692 |    165 |   1012 |   4097 |   7 |  979.6 |
        Temple |    202 |    202 |      0 |    183 |      0 |   1 |  202.0 |
         Sewer |    525 |    525 |      0 |    132 |    101 |   1 |  525.0 |
               +--------+--------+--------+--------+--------+-----+--------+

Top non-repeatable levels by time:
     D:5: 1797 daAuts
     D:6: 1232 daAuts
     D:3: 1125 daAuts
     D:2: 930 daAuts
     D:1: 906 daAuts
     D:4: 852 daAuts
   Sewer: 525 daAuts
  Temple: 202 daAuts
     D:7: 12 daAuts
